[ PARTIDA AOE2 · #493712761 ]
UnrankedFrancos vs Romans
Equipo del jugador · DERR
Equipo rival · VICT
[ ANÁLISIS DE REPETICIÓN · EXTRAÍDO DE LA PARTIDA GRABADA ]
Feudal
8:51
Castillos
—
Imperial
—
| APM promedio | 43.5 |
| APM pico | 70 |
| eAPM promedio | 15.4 |
| Aldeanos / militares | 26 / 1 |
Foco
⚔️ 13.9% · 🌾 86.1%
Scout Cavalry ×1
Feudal
8:50
Castillos
—
Imperial
—
| APM promedio | 41.3 |
| APM pico | 75 |
| eAPM promedio | 15.0 |
| Aldeanos / militares | 20 / 4 |
Foco
⚔️ 35.6% · 🌾 64.4%
Militia ×4
Mapa de la partida
Recursos iniciales + cada clic de construcción. Líneas = muros · curvas = relieve. ◆ oro · ⬟ piedra · ● bayas · ✦ reliquia · ◌ hueco del cierre
Tu base
Base de Orca17
Terreno inicial suavizado · ◌ = hueco del cierre detectado · pasá el cursor para detalles
Inputs por minuto
— Monkey Boy - - Orca17
Build order — Monkey Boy
39 acciones detectadas en el replay
| 0:01 | Crear | Villager (Male) |
| 0:02 | Construir | House |
| 0:02 | Construir | House |
| 0:08 | Crear | Villager (Male) |
| 0:08 | Crear | Villager (Male) |
| 0:13 | Crear | Villager (Male) |
| 1:26 | Crear | Villager (Male) |
| 1:59 | Construir | Lumber Camp |
| 2:00 | Crear | Villager (Male) |
| 2:01 | Crear | Villager (Male) |
| 2:14 | Crear | Villager (Male) |
| 2:15 | Crear | Villager (Male) |
| 2:50 | Crear | Villager (Male) |
| 3:15 | Crear | Villager (Male) |
| 3:15 | Crear | Villager (Male) |
| 3:41 | Construir | House |
| 3:43 | Crear | Villager (Male) |
| 3:43 | Crear | Villager (Male) |
| 3:44 | Crear | Villager (Male) |
| 4:04 | Crear | Villager (Male) |
| 4:05 | Crear | Villager (Male) |
| 4:17 | Construir | House |
| 4:47 | Crear | Villager (Male) |
| 4:54 | Construir | Mill |
| 4:59 | Crear | Villager (Male) |
| 5:16 | Crear | Villager (Male) |
| 5:47 | Crear | Villager (Male) |
| 5:51 | Investigar | Loom |
| 5:54 | Crear | Villager (Male) |
| 6:40 | Investigar | Feudal Age |
| 6:40 | Investigar | Feudal Age |
| 7:42 | Construir | Barracks |
| 8:51 | Edad | Edad Feudal |
| 8:54 | Construir | Stable |
| 8:56 | Crear | Villager (Male) |
| 8:57 | Crear | Villager (Male) |
| 9:22 | Crear | Villager (Male) |
| 9:40 | Crear | Scout Cavalry |
| 9:42 | Crear | Villager (Male) |
Build order — Orca17
40 acciones detectadas en el replay
| 0:00 | Crear | Villager (Male) |
| 0:00 | Crear | Villager (Male) |
| 0:01 | Crear | Villager (Male) |
| 0:01 | Crear | Villager (Male) |
| 0:02 | Construir | House |
| 0:03 | Construir | House |
| 1:21 | Crear | Villager (Male) |
| 2:02 | Crear | Villager (Male) |
| 2:18 | Crear | Villager (Male) |
| 2:30 | Construir | Lumber Camp |
| 2:47 | Crear | Villager (Male) |
| 2:48 | Crear | Villager (Male) |
| 2:48 | Crear | Villager (Male) |
| 3:37 | Crear | Villager (Male) |
| 3:37 | Crear | Villager (Male) |
| 3:38 | Crear | Villager (Male) |
| 4:03 | Construir | House |
| 4:31 | Construir | Mill |
| 4:36 | Crear | Villager (Male) |
| 4:36 | Crear | Villager (Male) |
| 4:41 | Investigar | Loom |
| 4:46 | Crear | Villager (Male) |
| 4:46 | Investigar | Loom |
| 6:35 | Investigar | Feudal Age |
| 6:45 | Construir | Barracks |
| 7:05 | Construir | House |
| 7:24 | Crear | Militia |
| 7:25 | Crear | Militia |
| 7:36 | Crear | Militia |
| 7:53 | Construir | House |
| 8:11 | Crear | Villager (Male) |
| 8:26 | Construir | Mill |
| 8:28 | Crear | Militia |
| 8:50 | Edad | Edad Feudal |
| 8:51 | Investigar | Man-at-Arms (upgrade) |
| 8:51 | Investigar | Man-at-Arms (upgrade) |
| 8:54 | Investigar | Double-Bit Axe |
| 9:22 | Crear | Villager (Male) |
| 9:22 | Crear | Villager (Male) |
| 10:00 | Crear | Villager (Male) |
Cronología de la partida
| 6:45 | Orca17 · first_building Barracks |
| 7:42 | Monkey Boy · first_building Barracks |
| 8:50 | Orca17 · age_up feudal |
| 8:51 | Monkey Boy · age_up feudal |
| 8:54 | Monkey Boy · first_building Stable |
| 10:04 | Monkey Boy · resign |
[ ANÁLISIS IA · 1 CRÉDITO ]
¿Qué pasó realmente en esta partida?
Wolo.gg analiza cada decisión: build order, eco, micro, errores típicos por bracket. Análisis personalizado por WhatsApp o Discord en 30 segundos.
Guía civ
Francos
Perfil
Monkey Boy